 Dungeon Crawl Stone Soup version 0.29-a0-997-gf6f7e2dfe7 (webtiles) character file.

Game seed: 3271841482573857990

268 vurker the Trooper (level 6, 0/61 HPs)
             Began as an Ogre Enchanter on Aug 4, 2022.
             Was a High Priest of Ignis.
             Slain by a phantom (4 damage)
             ... on level 4 of the Dungeon.
             The game lasted 00:06:16 (4714 turns).

vurker the Trooper (Ogre Enchanter)                 Turns: 4714, Time: 00:06:17

Health: 0/61       AC: 11    Str: 15    XL:     6   Next: 21%
Magic:  9/9        EV: 10    Int: 16    God:    Ignis [*****.]
Gold:   256        SH:  0    Dex:  9    Spells: 9/9 levels left

rFire   + . .      SeeInvis .   b - +0 dagger (protect)
rCold   . . .      Faith    .   (no shield)
rNeg    . . .      Spirit   .   e - +1 robe
rPois   .          Reflect  .   (helmet restricted)
rElec   .          Harm     .   (no cloak)
rCorr   .          Rampage  .   (gloves unavailable)
Will    .....                   (boots unavailable)
Stlth   ++........              (no amulet)
HPRegen 0.20/turn               (no ring)
MPRegen 0.11/turn               (no ring)

@: under a protective aura
A: large, unfitting armour, tough skin 1
a: Renounce Religion, Fiery Armour, Foxfire Swarm, Rising Flame


You were on level 4 of the Dungeon.
You worshipped Ignis.
Ignis was extremely pleased with you.
You visited 1 branch of the dungeon, and saw 5 of its levels.

You collected 256 gold pieces.

Inventory:

Hand Weapons
 a - a +1 dagger of venom
   (You took it off a goblin on level 1 of the Dungeon)
 b - a +0 dagger of protection (weapon)
   (You found it on level 1 of the Dungeon)
Missiles
 h - 2 poisoned darts (quivered)
 m - 3 curare-tipped darts
 n - 3 large rocks
Armour
 e - a +1 robe (worn)
Scrolls
 i - 2 scrolls of enchant armour
Potions
 c - 2 potions of invisibility
 d - a potion of magic {unknown}
 f - 3 potions of curing
 g - 2 potions of might {unknown}
 j - a potion of heal wounds {unknown}
 k - a potion of flight {unknown}


   Skills:
 + Level 3.5 Fighting
 - Level 0.8 Short Blades
 * Level 3.5 Maces & Flails
 + Level 1.3 Throwing
 + Level 3.1 Dodging
 - Level 2.1 Stealth
 - Level 2.4 Spellcasting
 - Level 2.6 Hexes


You had 9 spell levels left.
You didn't know any spells.
Your spell library contained the following spells:

 Spells                   Type           Power      Damage    Failure   Level
 Ensorcelled Hibernation  Hex/Ice        12%        N/A       17%         2
 Beastly Appendage        Tmut           2%         N/A       21%         1
 Confusing Touch          Hex            10%        N/A       21%         3
 Tukima's Dance           Hex            10%        N/A       21%         3
 Wereblood                Tmut           1%         N/A       30%         2
 Dazzling Flash           Conj/Hex       12%        N/A       34%         3
 Ignite Poison            Fire/Tmut/Pois 1%         N/A       52%         3
 Mephitic Cloud           Conj/Pois/Air  1%         N/A       52%         3
 Spider Form              Tmut/Pois      1%         N/A       52%         3
 Freezing Cloud           Conj/Ice/Air   0%         6-21      99%         5


Dungeon Overview and Level Annotations

Branches:
Dungeon (5/15)
 Temple: D:4-7

Altars:
Kikubaaqudgha
Xom
Ignis

Annotations:
D:5 1 runed translucent door, kthxbai's ghost, novice FoAK


Innate Abilities, Weirdness & Mutations

You are too large for most types of armour.
You have tough skin. (AC +1)


Message History

You hit the phantom. The phantom barely misses you.
You hit the phantom. Your punch misses the phantom.
The phantom hits you but does no damage.
You barely miss the phantom. The phantom barely misses you.
You hit the phantom but do no damage. The phantom closely misses you.
You hit the phantom but do no damage. The phantom misses you.
You miss the phantom. The phantom hits you.
* * * LOW HITPOINT WARNING * * *
The phantom blinks!
You blink.
You barely miss the phantom.
The phantom hits you but does no damage.
You closely miss the phantom.
The phantom hits you but does no damage.
You hit the phantom. The phantom hits you.
* * * LOW HITPOINT WARNING * * *
You hit the phantom but do no damage. The phantom hits you.
* * * LOW HITPOINT WARNING * * *
You hit the phantom but do no damage. The phantom barely misses you.
You hit the phantom but do no damage. The phantom barely misses you.
You hit the phantom but do no damage. The phantom hits you.
* * * LOW HITPOINT WARNING * * *
The phantom blinks!
You blink.
You hit the phantom. You hit the phantom but do no damage.
The phantom hits you but does no damage.
You hit the phantom but do no damage. The phantom hits you.
* * * LOW HITPOINT WARNING * * *
You hit the phantom but do no damage.
The phantom hits you but does no damage.
You hit the phantom.
The phantom hits you but does no damage.
You completely miss the phantom.
The phantom hits you but does no damage.
You hit the phantom but do no damage.
The phantom hits you but does no damage.
You aren't carrying any items that you can evoke.
Unknown command.
You closely miss the phantom. The phantom hits you.
* * * LOW HITPOINT WARNING * * *
You hit the phantom. The phantom barely misses you.
You barely miss the phantom.
The phantom hits you but does no damage.
You barely miss the phantom.
The phantom hits you but does no damage.
You hit the phantom.
The phantom hits you but does no damage.
You hit the phantom.
The phantom hits you but does no damage.
You hit the phantom but do no damage. The phantom hits you.
You die...

#.........##..#..#<######.#
#...).######..#..#.##.....#
#.....# #..#..#.##.#####
#.....# #..#..#.##(# # #.....#
##.#..#....# ### #.....#
#.#..###### #).
#.....#######.#..# #.#
###...##......#..# #..
###...[.##..@...#..# ###
##..P.P.P##..W......######## #
#.†......P.................# #
#....#............#.######.###
##P..###..................).<##
#........PP..#.###...######....
#...........)#.................
#.##.._..##..#....÷..######....
#.#.......#..#......># #....


You could see a phantom.

Vanquished Creatures
  2 hounds (D:4)
  Jessica (D:2)
  An iguana (D:4)
  4 gnolls (D:2)
  4 adders
  A shadow imp (D:3)
  3 worms
  2 orcs
  4 bats
  6 endoplasms
  2 giant cockroaches
  6 goblins
  2 hobgoblins
  5 jackals
  5 quokkas
  8 ball pythons
  2 frilled lizards
  6 kobolds
  5 rats
69 creatures vanquished.

Vanquished Creatures (others)
  2 withered plants (D:4)
2 creatures vanquished.

Grand Total: 71 creatures vanquished

Notes
Turn   | Place    | Note
-------+----------+-------------------------------------------
     0 | D:1      | vurker the Ogre Enchanter began the quest for the Orb.
     0 | D:1      | Reached XP level 1. HP: 16/16 MP: 3/3
   401 | D:1      | Reached XP level 2. HP: 20/26 MP: 5/5
   555 | D:1      | Reached skill level 1 in Fighting
   555 | D:1      | Reached skill level 1 in Maces & Flails
  1117 | D:1      | Reached XP level 3. HP: 33/33 MP: 6/6
  2063 | D:2      | Reached XP level 4. HP: 27/42 MP: 7/7
  2507 | D:2      | Noticed Jessica
  2513 | D:2      | Killed Jessica
  2749 | D:3      | Found a faded altar of an unknown god.
  2758 | D:3      | Prayed at the altar of an unknown god.
  2758 | D:3      | Became a worshipper of Ignis, the Dying Flame
  2896 | D:3      | Reached XP level 5. HP: 49/50 MP: 8/8
  3776 | D:4      | Found an ancient bone altar of Kikubaaqudgha.
  4035 | D:4      | Reached skill level 1 in Throwing
  4041 | D:4      | Reached XP level 6. HP: 24/61 MP: 9/9
  4305 | D:4      | Found a shimmering altar of Xom.
  4431 | D:5      | Entered Level 5 of the Dungeon
  4498 | D:5      | Found a runed translucent door.
  4499 | D:5      | Noticed kthxbai's ghost (novice FoAK)
  4700 | D:4      | HP: 3/61 [phantom (3)]
  4708 | D:4      | HP: 3/61 [phantom (1)]
  4714 | D:4      | Slain by a phantom

Illustrated notes

Levels and vault maps discovered:
D:1:      lightli_iron_boxes, layout_basic
D:2:      layout_loops_corners, chequers_mini_garden, due_unseen_surprise,
          uniq_jessica
D:3:      layout_loops_ring, shapermc_ecumenical_altar_mp_highgroup
D:4:      layout_basic, kiku_gazebo_garden_becter,
          mainiacjoe_overflow_concentric_impassable, corexii_corridor_pit
D:5:      layout_basic, minmay_temple_entry_enclosed_plants,
          gammafunk_ghost_grave

Skill      XL: |  1  2  3  4  5 |
---------------+----------------+-----
Dodging        | 2 3 |  3.1
Fighting       | 1 2 3 |  3.5
Maces & Flails | 1 2 3 |  3.5
Throwing       | 1 |  1.3
Short Blades   | |  0.8
Stealth        | |  2.1
Spellcasting   | |  2.4
Hexes          | |  2.6

Action                   |  1- 3 |  4- 6 || total
-------------------------+-------+-------++-------
Melee: Dagger            |   131 |   228 ||   359
       Punch             |     1 |     3 ||     4
Throw: Dart              |       |     1 ||     1
  Use: Scroll            |     5 |     7 ||    12
 Stab: Sleeping          |     4 |     4 ||     8
Armor: Robe              |    45 |    84 ||   129
Dodge: Dodged            |    56 |   127 ||   183

Table legend: (Time is in decaauts)
 A = Elapsed time spent in this place.
 B = Non-inter-level travel time spent in this place.
 C = Inter-level travel time spent in this place.
 D = Time resting spent in this place.
 E = Time spent auto-exploring this place.
 F = Levels seen in this place.
 G = Mean time per level.
                   A        B        C        D        E       F      G
               +--------+--------+--------+--------+--------+-----+--------+
         Total |   4700 |   4513 |    187 |    560 |   3155 |   5 |  940.0 |
       Dungeon |   4700 |   4513 |    187 |    560 |   3155 |   5 |  940.0 |
               +--------+--------+--------+--------+--------+-----+--------+

Top non-repeatable levels by time:
     D:1: 1380 daAuts
     D:2: 1344 daAuts
     D:4: 1055 daAuts
     D:3: 811 daAuts
     D:5: 107 daAuts
